cohdb
Replays
Latest Replays
All Replays
Popular Replays
Top Player Replays
Match Explorer
How It Works
Community
CoH3 Stats
Reddit
Sign in to upload your games and track your stats! →
Sign in with Steam
Match 41526585
Unlisted
Match 41526585
Overview
Messages
Build Orders
End
Scout Squad
Construct Weapon Support Center
Selects Heavy Weapons
M1919 Machine Gun Team
M1919 Machine Gun Team
Engineer Squad
Selects Assault Carriers
Infantry Support Center
Engineer Squad
M3 Assault Carrier
Bazooka Squad
Bazooka Squad
M3 Assault Carrier
Selects Exchangeable Parts
Selects M2HB .50cal Heavy Machine Gun
Engineer Squad
Turtleboy
Mace
FrodoBagginYa
PINOCHET
0
0
Comments
sign in to comment!
No comments posted yet!